 Dungeon Crawl Stone Soup version 0.22-a0-42-g002c468 (webtiles) character file.

93 Timinator the Insei (level 4, -9/34 HPs)
             Began as a Vampire Transmuter on Jan 5, 2018.
             Mangled by Sigmund
             ... wielding a +0 scythe
              (11 damage)
             ... on level 2 of the Dungeon.
             The game lasted 00:15:04 (1572 turns).

Timinator the Insei (Vampire Transmuter)            Turns: 1572, Time: 00:15:05

Health: -9/34      AC:  2    Str:  8 (9)  XL:     4   Next: 36%
Magic:  6/7        EV: 18    Int: 12 (15) God:
Gold:   37         SH:  0    Dex: 19 (20) Spells: 3/8 levels left

rFire    . . .     SeeInvis +     - Unarmed
rCold    . . .     Gourm    .   (no shield)
rNeg     . . .     Faith    .   i - +0 robe
rPois    .         Spirit   .   (no helmet)
rElec    .         Reflect  .   (no cloak)
rCorr    .         Harm     .   (no gloves)
MR       .....                  (boots currently unavailable)
Stlth    +++.......             (no amulet)
HPRegen  0.31/turn              (no ring)
MPRegen  0.10/turn              (no ring)

@: agile, appendage, regenerating quickly
A: fangs 3, talons 3, see invisible, unbreathing
a: End Transformation


You were on level 2 of the Dungeon.
You were full.
You had grown temporary talons.
You visited 1 branch of the dungeon, and saw 2 of its levels.

You collected 37 gold pieces.

Inventory:

Missiles
 a - 12 arrows
Armour
 i - a +0 robe (worn)
 k - a cursed +0 helmet
Scrolls
 g - a scroll of teleportation
Potions
 d - 14 potions of blood
 e - a potion of degeneration
Books
 c - a book of Changes

   Spells                             Type                      Level
   a - Beastly Appendage              Transmutation                1
   b - Sticks to Snakes               Transmutation                2
   c - Spider Form                    Transmutation/Poison         3
   d - Ice Form                       Ice/Transmutation            4
   e - Blade Hands                    Transmutation                5


   Skills:
 + Level 2.4 Fighting
 + Level 2.6 Dodging
 * Level 3.8 Unarmed Combat
 * Level 2.6 Spellcasting
 + Level 2.6 Transmutations


You had 3 spell levels left.
You knew the following spells:

 Your Spells              Type           Power        Failure   Level  Hunger
a - Beastly Appendage     Tmut           #.....       9%          1    #......
b - Ice Form              Ice/Tmut       #.......     83%         4    #####..


Dungeon Overview and Level Annotations

Branches:
Dungeon (2/15)

Altars:
Sif Muna
Zin

Annotations:
D:2 Sigmund


Innate Abilities, Weirdness & Mutations

Your natural rate of healing is unusually fast.
You have razor-sharp teeth.
You have supernaturally acute eyesight. (SInv)
You can survive without breathing.
You have claws for feet.


Message History

Sigmund flickers, as though insubstantial.
Sigmund barely misses you.
You closely miss Sigmund.
Sigmund is heavily wounded.
Sigmund closely misses you.
You completely miss Sigmund.
Sigmund is heavily wounded.
You hit Sigmund but do no damage.
Sigmund is heavily wounded.
Sigmund closely misses you.
You hit Sigmund.
Sigmund is severely wounded.
Sigmund hits you with a scythe!
* * * LOW HITPOINT WARNING * * *
You hit Sigmund but do no damage. Your bite misses Sigmund.
Sigmund is severely wounded.
Casting: Beastly Appendage
Confirm with . or Enter, or press ? or * to list all spells.
Your feet morph into talons.
Sigmund hits you with a scythe!
You die...

#......... .....#.#..
#......... ..........
#.######## ## #.# #>##
.. #.# ..8# .#### #.#
...# ######...... #####
#.# ..8 #...@@..# ##≈≈≈≈
#.# #.###.....# #≈≈≈≈≈
#.##8..? #.# #......
#≈≈... ..##.....## #.#
.##### #≈≈._.
..#8.....8# #.# . #≈≈...
..##.....####.#### ##
#≈≈≈.≈
..##8...8##......# ###
##≈≈.≈ ..# ##_##
####.#.# .... ###'#
..############.#.##.....
##.#


You could see Sigmund (invisible).

Vanquished Creatures
  Jessica (D:2)
  An adder (D:2)
  2 worms (D:2)
  A dart slug (D:2)
  4 leopard geckos
  2 giant cockroaches (D:1)
  7 hobgoblins
  2 kobolds (D:2)
  A ball python (D:1)
  4 bats
  2 frilled lizards (D:1)
  10 goblins
  11 rats
48 creatures vanquished.

Notes
Turn   | Place    | Note
-------+----------+-------------------------------------------
     0 | D:1      | Timinator the Vampire Transmuter began the quest for the Orb.
     0 | D:1      | Reached XP level 1. HP: 14/14 MP: 3/3
     9 | D:1      | Reached skill level 1 in Fighting
   144 | D:1      | Reached XP level 2. HP: 19/22 MP: 3/5
   824 | D:2      | Reached XP level 3. HP: 27/27 MP: 6/6
   860 | D:2      | Noticed Jessica
   867 | D:2      | Killed Jessica
   928 | D:2      | Reached XP level 4. HP: 20/34 MP: 7/7
  1241 | D:2      | Found a glowing silver altar of Zin.
  1249 | D:2      | Noticed Sigmund
  1260 | D:2      | Learned a level 4 spell: Ice Form
  1493 | D:2      | Found a deep blue altar of Sif Muna.
  1572 | D:2      | Mangled by Sigmund

Vault maps used:
D:1:      dpeg_arrival_ternary, minmay_distorted
D:2:      nicolae_ru_the_path_less_chosen, nicolae_overflow_hidden_temple,
          minmay_large_rounded_square, led_sif_pool, uniq_jessica, uniq_sigmund

Skill      XL: |  1  2 |
---------------+-------+-----
Fighting       | 1 2 |  2.4
Dodging        | |  2.6
Unarmed Combat | |  3.8
Spellcasting   | |  2.6
Transmutations | |  2.6

Action                   |  1- 3 |  4- 6 || total
-------------------------+-------+-------++-------
Melee: Unarmed           |   125 |    65 ||   190
       Bite              |     7 |    12 ||    19
       Kick              |     6 |     3 ||     9
       Headbutt          |     2 |     4 ||     6
 Cast: Beastly Appendage |     7 |     5 ||    12
  Use: Potion            |       |     6 ||     6
       Scroll            |       |     4 ||     4
 Stab: Sleeping          |       |     2 ||     2
  Eat: Corpse            |     6 |     2 ||     8
Armor: Robe              |    18 |     1 ||    19
Dodge: Dodged            |    74 |    33 ||   107

Table legend:
 A = Spawn XP
 B = Non-spawn XP
 C = Spawn XP percentage of total XP
 D = Spawn monster count
 E = Non-spawn monster count
 F = Spawn count percentage of total count
 G = Total turns spent on level
                    A         B        C        D         E        F      G
               +---------+---------+-------+---------+---------+-------+---------
         Total |       0 |     133 |   0.0 |       0 |      48 |   0.0 |  1572
               +---------+---------+-------+---------+---------+-------+---------
           D:1 |       0 |      40 |   0.0 |       0 |      26 |   0.0 |   821
           D:2 |       0 |      93 |   0.0 |       0 |      22 |   0.0 |   751
               +---------+---------+-------+---------+---------+-------+---------
